 Dungeon Crawl Stone Soup version 0.31-a0-1144-g99969ba1bc (webtiles) character file.

Game seed: 12410681290105928544

837 gruber the Skirmisher (level 7, -4/52 (56) HPs)
             Began as a Minotaur Hunter on Dec 6, 2023.
             Slain by a wight
             ... wielding a +3 great sword
              (7 damage)
             ... on level 4 of the Dungeon.
             The game lasted 00:03:08 (3382 turns).

gruber the Skirmisher (Minotaur Hunter)             Turns: 3382, Time: 00:03:08

HP:   -4/52 (56)    AC:  5    Str: 15    XL:     7   Next: 66%
MP:   6/6           EV: 12    Int:  6    God:
Gold: 175           SH:  0    Dex: 16    Spells: 6/6 levels left

rFire   . . .        a - +0 shortbow
rCold   . . .        (shield currently unavailable)
rNeg    . . .        c - +0 leather armour
rPois   .            (helmet restricted)
rElec   .            (no cloak)
rCorr   .            (no gloves)
SInv    .            e - +1 pair of boots
Will    .....        i - amulet of regeneration
Stlth   +            (no ring)
HPRegen 1.08/turn    (no ring)
MPRegen 0.10/turn

%: no passive effects
@: drained
A: horns 2, retaliatory headbutt
a: no special abilities


You were on level 4 of the Dungeon.
You visited 1 branch of the dungeon, and saw 5 of its levels.

You collected 175 gold pieces.

Inventory:

Hand Weapons
 a - a +0 shortbow (weapon)
Missiles
 k - a throwing net
Armour
 c - a +0 leather armour (worn)
 e - a +1 pair of boots (worn)
Jewellery
 i - an amulet of regeneration (around neck)
 t - an amulet of magic regeneration
Wands
 h - a wand of polymorph (4)
 o - a wand of iceblast (9)
 p - a wand of flame (12)
Scrolls
 b - 2 scrolls of butterflies
 d - 2 scrolls of identify {unknown}
 f - 4 scrolls of teleportation {unknown}
 s - a scroll of brand weapon {unknown}
Potions
 g - a potion of magic {unknown}
 j - a potion of resistance {unknown}
 l - a potion of invisibility {unknown}
 m - a potion of attraction {unknown}
 n - 3 potions of mutation {unknown}
 q - a potion of heal wounds {unknown}
 r - a potion of lignification {unknown}


   Skills:
 - Level 2.4 Fighting
 - Level 10.3 Ranged Weapons
 * Level 2.9 Dodging
 - Level 0.7 Stealth


You had 6 spell levels left.
You didn't know any spells.
Your spell library contained the following spells:

 Spells                   Type           Power      Damage    Failure   Level
 Cigotuvi's Dreadful Rot  Necr/Pois/Air  0%         N/A       67%         2
 Gell's Gravitas          Tloc           0%         N/A       88%         3
 Ignite Poison            Fire/Tmut/Pois 0%         N/A       88%         3
 Teleport Other           Tloc           0%         N/A       88%         3
 Volatile Blastmotes      Fire/Tloc      0%         2d10      88%         3
 Fulminant Prism          Conj/Hex       0%         3d5       99%         4
 Iskenderun's Mystic Bla  Conj/Tloc      0%         2d3       99%         4
 Freezing Cloud           Conj/Ice/Air   0%         6-21      100%        5
 Dispersal                Tloc           0%         N/A       100%        6
 Simulacrum               Ice/Necr       0%         N/A       100%        6
 Ozocubu's Refrigeration  Ice            0%         4d7       100%        7
 Polar Vortex             Ice            0%         N/A       100%        9


Dungeon Overview and Level Annotations

Branches:
Dungeon (5/15)
 Temple: D:4-7

Altars:
Elyvilon
The Shining One


Innate Abilities, Weirdness & Mutations

You have a pair of horns on your head.
You reflexively headbutt those who attack you in melee.


Message History

You shoot an arrow. The arrow hits the wight!
You destroy the wight!
No target in view!
No target in view!
No target in view!
Things that are here:
a +2 mace; a +0 robe A wight is nearby!
You shoot an arrow.
The arrow hits the wight but does no damage.
You shoot an arrow. The arrow hits the wight.
The wight is moderately damaged.
You shoot an arrow. The arrow hits the wight.
The wight is heavily damaged.
You shoot an arrow. The arrow hits the wight.
The wight is heavily damaged.
You shoot an arrow.
The arrow hits the wight but does no damage.
The wight is heavily damaged.
You shoot an arrow.
The arrow hits the wight but does no damage.
The wight is heavily damaged.
The wight hits you with a +3 great sword!
You shoot an arrow. The arrow hits the wight.
The wight is almost destroyed.
The wight hits you with a +3 great sword!!
You feel drained.
You are too injured to fight recklessly!
You are too injured to fight recklessly!
You are too injured to fight recklessly!
Fire: a) +0 shortbow
Press: ? - help, Q - select action, (/) - cycle Shift-Dir - straight line, f/p - wight
Aim: a wight, wielding a +3 great sword and wearing a +0 robe (almost destroyed, 66% to hit)
You shoot an arrow.
The arrow hits the wight but does no damage.
The wight is almost destroyed.
The wight hits you with a +3 great sword!!
* * * LOW HITPOINT WARNING * * *
You feel drained.
You die...

#................#....#.## #.##
#...)..............####)# #..#
#..............<.)..###)## ##..
#...........<............######
#.....................#.....# #
#...........[....)....#.###.###
##..............#...[.#.÷##....
##.....##.....######.##..>....
###########.@### #.......###
###### ##..z.#######....#
#....# ##..##..>.........#
#....# ##[.###............#
#....# #..## #........(.#####
#....####.## #...............
###.......# #........†#.####
######### #.........#.#
#.........#.#


You could see a wight.

Vanquished Creatures
  2 phantoms
  2 wights
  2 hounds (D:5)
  3 iguanas (D:4)
  3 orc wizards
  Robin (D:2)
  14 gnolls
  11 adders
  2 ufetubi (D:5)
  A dart slug (D:1)
  14 orcs
  5 bats
  6 endoplasms
  4 giant cockroaches
  12 goblins
  10 hobgoblins
  3 quokkas
  9 ball pythons
  3 frilled lizards
  5 kobolds
  10 rats
122 creatures vanquished.

Notes
Turn   | Place    | Note
-------+----------+-------------------------------------------
     0 | D:1      | gruber the Minotaur Hunter began the quest for the Orb.
     0 | D:1      | Reached XP level 1. HP: 18/18 MP: 0/0
   136 | D:1      | Reached XP level 2. HP: 25/25 MP: 1/1
   199 | D:1      | Reached skill level 5 in Ranged Weapons
   872 | D:2      | Reached XP level 3. HP: 28/30 MP: 2/2
   932 | D:2      | Reached skill level 6 in Ranged Weapons
  1010 | D:2      | Noticed Robin
  1027 | D:2      | Reached XP level 4. HP: 26/37 MP: 3/3
  1051 | D:2      | Killed Robin
  1939 | D:3      | Reached skill level 7 in Ranged Weapons
  1939 | D:3      | Reached XP level 5. HP: 42/42 MP: 4/4
  2353 | D:4      | Reached skill level 8 in Ranged Weapons
  2376 | D:4      | Reached XP level 6. HP: 33/50 MP: 5/5
  2476 | D:4      | You fall into a shaft and drop 1 floor!
  2476 | D:5      | Entered Level 5 of the Dungeon
  2690 | D:5      | Reached skill level 9 in Ranged Weapons
  2690 | D:5      | Reached XP level 7. HP: 36/56 MP: 6/6
  2780 | D:5      | Found a white marble altar of Elyvilon.
  2780 | D:5      | Found a glowing golden altar of the Shining One.
  3221 | D:3      | Reached skill level 10 in Ranged Weapons
  3382 | D:4      | Slain by a wight

Illustrated notes

Levels and vault maps discovered:
D:1:      minmay_arrival_hallway, layout_loops_ring, nicolae_the_louvre
D:2:      layout_basic, minivault_26, kennysheep_nub, minmay_surrounded,
          uniq_robin
D:3:      layout_basic, grunt_ministairs_13
D:4:      layout_rooms, kennysheep_generic_room_13
D:5:      layout_loops_cross, nicolae_overflow_hidden_temple

Skill      XL: |  1  2  3  4  5  6  7 |
---------------+----------------------+-----
Ranged Weapons | 5 6 7 8 9 10 | 10.3
Fighting       | |  2.4
Dodging        | |  2.9
Stealth        | |  0.7

Action                     |  1- 3 |  4- 6 |  7- 9 || total
---------------------------+-------+-------+-------++-------
   Fire: Shortbow          |   109 |   193 |   105 ||   407
 Armour: Leather armour    |    34 |    64 |    45 ||   143
  Dodge: Dodged            |    31 |    47 |    41 ||   119

Table legend: (Time is in decaauts)
 A = Elapsed time spent in this place.
 B = Non-inter-level travel time spent in this place.
 C = Inter-level travel time spent in this place.
 D = Time resting spent in this place.
 E = Time spent auto-exploring this place.
 F = Levels seen in this place.
 G = Mean time per level.
                   A        B        C        D        E       F      G
               +--------+--------+--------+--------+--------+-----+--------+
         Total |   3407 |   3206 |    201 |      0 |   2526 |   5 |  681.4 |
       Dungeon |   3407 |   3206 |    201 |      0 |   2526 |   5 |  681.4 |
               +--------+--------+--------+--------+--------+-----+--------+

Top non-repeatable levels by time:
     D:3: 873 daAuts
     D:1: 825 daAuts
     D:2: 739 daAuts
     D:4: 495 daAuts
     D:5: 474 daAuts
